 Dungeon Sprint DCSS version 0.26-a0-1139-g7d2dc893a1 (webtiles) character file.

Game seed: 5009568510746316999

1260 Hipnos the Destroyer (level 8, -1/53 HPs)
             Began as a Deep Elf Conjurer on Dec 21, 2020.
             Was a Follower of Vehumet.
             Slain by a centaur warrior (12 damage)
             ... in the Dungeon (Sprint I: "Red Sonja").
             The game lasted 00:03:25 (503 turns).

Hipnos the Destroyer (Deep Elf Conjurer)             Turns: 503, Time: 00:03:25

Health: -1/53      AC:  3    Str:  4    XL:     8   Next: 27%
Magic:  12/22      EV: 14    Int: 26    God:    Vehumet [*.....]
Gold:   297        SH:  0    Dex: 13    Spells: 17/24 levels left

rFire    . . .     SeeInvis .   k - +0 scythe
rCold    . . .     Faith    .   (shield currently unavailable)
rNeg     . . .     Spirit   .   i - +0 leather armour
rPois    .         Reflect  .   (no helmet)
rElec    .         Harm     .   (no cloak)
rCorr    .         Rampage  .   (no gloves)
Will     .....     NoTele   +   (no boots)
Stlth    ++........             (no amulet)
HPRegen  0.17/turn              (no ring)
MPRegen  0.18/turn              (no ring)

@: no status effects
A: no striking features
a: Renounce Religion


You were in the Dungeon.
You worshipped Vehumet.
Vehumet was aware of your devotion.
You visited 1 branch You collected 297 gold pieces.

Inventory:

Hand Weapons
 k - a +0 scythe (weapon)
Armour
 a - a +0 robe
 i - a +0 leather armour (worn)
Wands
 b - a wand of random effects (11)
Scrolls
 h - a scroll of blinking
 l - a scroll of enchant armour {unknown}
Potions
 c - a potion of curing
 d - a potion of heal wounds
 e - a potion of haste
 f - 2 potions of magic
 g - a potion of cancellation {unknown}
 j - 2 potions of brilliance {unknown}


   Skills:
 * Level 7.0 Fighting
 + Level 2.3 Armour
 + Level 6.6 Dodging
 - Level 2.4 Stealth
 + Level 8.7 Spellcasting
 + Level 14.9 Conjurations


You had 17 spell levels left.
You knew the following spells:

 Your Spells              Type           Power        Failure   Level
a - Magic Dart            Conj           100%         1%          1
b - Searing Ray           Conj           100%         1%          2
c - Fulminant Prism       Conj/Hex       25%          4%          4

Your spell library contained the following spells:

 Spells                   Type           Power        Failure   Level
 Foxfire                  Conj/Fire      100%         1%          1
 Dazzling Flash           Conj/Hex       100%         1%          3
 Iskenderun's Mystic Bla  Conj/Tloc      50%          4%          4


Dungeon Overview and Level Annotations

Branches:
Dungeon (1/1)

Altars:
Cheibriados
Dithmenos
Elyvilon
Fedhas
Gozag
Hepliaklqana
Kikubaaqudgha
Makhleb
Nemelex Xobeh
Okawaru
Qazlal
Ru
Sif Muna
Trog
Uskayaw
Vehumet
Wu Jian
Xom
Yredelemnul
Zin
The Shining One
Jiyva
Lugonu

Shops:
D !


Message History

You see here a flail.
You see here an arrow.
You start resting.
Found 18 stones and a scroll labelled KAN MEGOEZYSEA.
You close the door.
A centaur warrior opens the door.
Casting: Searing Ray (safe; 1% risk of failure)
Confirm with . or Enter, or press ? or * to list all spells.
Aiming: Searing Ray (safe; 1% risk of failure)
Press: ? - help, Shift-Dir - straight line, f - centaur warrior
Aim: a centaur warrior, quivering 21 arrows (lightly wounded, wandering, hasn't noticed you, 13% to evade)
The searing ray misses the centaur warrior. (Press . to maintain the ray.)
The centaur warrior shouts!
The centaur warrior hits you!
The searing ray hits the centaur warrior!
The centaur warrior is lightly wounded.
The centaur warrior hits you!
* * * LOW HITPOINT WARNING * * *
The centaur warrior hits you!
You die...

###################
#<.#..)..#..'..#__#
#..'..#..'[.#..'..+
#..#####'#####'#__#
#..####..#...#[# ##§§#
#..#__####..##)#§≈§..#
#..#_____##'#_@c§§§
#⌠⌠#_.∩...'..._#≈§§§§#
####_..__##_.#'# §####
#_____###+#.# (?
####### ### ##


You could see a centaur warrior.

Vanquished Creatures
  A centaur warrior (D)
  A slime creature (D)
  Sigmund (D)
  A yak (D)
  An ogre (D)
  A jelly (D)
  Ijyb (D)
7 creatures vanquished.

Vanquished Creatures (others)
  A fulminant prism (D)
1 creature vanquished.

Grand Total: 8 creatures vanquished

Notes
Turn   | Place    | Note
-------+----------+-------------------------------------------
     0 | D        | Hipnos the Deep Elf Conjurer began the quest for the Orb.
     0 | D        | Reached XP level 1. HP: 10/10 MP: 6/6
     1 | D        | Noticed Ijyb
    16 | D        | Killed Ijyb
    17 | D        | Reached skill level 6 in Conjurations
    17 | D        | Reached XP level 2. HP: 17/17 MP: 6/8
    67 | D        | Learned a level 2 spell: Searing Ray
    70 | D        | Noticed an ogre
    74 | D        | Killed an ogre
    75 | D        | Reached skill level 9 in Conjurations
    75 | D        | Reached XP level 3. HP: 23/23 MP: 3/10
    75 | D        | Reached XP level 4. HP: 28/28 MP: 3/12
   154 | D        | Learned a level 4 spell: Fulminant Prism
   156 | D        | Noticed Sigmund
   159 | D        | Killed Sigmund
   160 | D        | Reached skill level 5 in Spellcasting
   160 | D        | Reached skill level 11 in Conjurations
   160 | D        | Reached XP level 5. HP: 34/34 MP: 9/15
   160 | D        | Reached XP level 6. HP: 39/39 MP: 9/16
   205 | D        | Found an ornate altar of the Wu Jian Council.
   205 | D        | Found a shimmering blue altar of Sif Muna.
   207 | D        | Found a radiant altar of Vehumet.
   210 | D        | Reached skill level 5 in Dodging
   214 | D        | Became a worshipper of Vehumet
   241 | D        | Found Ruprelod's Distillery.
   241 | D        | Found an ancient bone altar of Kikubaaqudgha.
   241 | D        | Found a hazy altar of Hepliaklqana.
   241 | D        | Found a stormy altar of Qazlal.
   241 | D        | Found a hide-covered altar of Uskayaw.
   241 | D        | Found a blossoming altar of Fedhas.
   241 | D        | Found a bloodstained altar of Trog.
   241 | D        | Found an iron altar of Okawaru.
   241 | D        | Found a basalt altar of Yredelemnul.
   241 | D        | Found a glowing golden altar of the Shining One.
   241 | D        | Found a snail-covered altar of Cheibriados.
   241 | D        | Found a sacrificial altar of Ru.
   241 | D        | Found a glowing silver altar of Zin.
   241 | D        | Found a shadowy altar of Dithmenos.
   241 | D        | Found a white marble altar of Elyvilon.
   241 | D        | Noticed a yak
   247 | D        | Killed a yak
   248 | D        | Reached skill level 5 in Fighting
   248 | D        | Reached skill level 12 in Conjurations
   250 | D        | Found an opulent altar of Gozag.
   251 | D        | Found a sparkling altar of Nemelex Xobeh.
   284 | D        | Found a burning altar of Makhleb.
   284 | D        | Found a viscous altar of Jiyva.
   284 | D        | Found a shimmering altar of Xom.
   284 | D        | Found a corrupted altar of Lugonu.
   284 | D        | Noticed a slime creature
   292 | D        | Killed a slime creature
   293 | D        | Reached skill level 1 in Armour
   293 | D        | Reached skill level 13 in Conjurations
   293 | D        | Reached XP level 7. HP: 20/45 MP: 9/19
   471 | D        | Noticed a centaur warrior
   476 | D        | Killed a centaur warrior
   476 | D        | Reached * piety under Vehumet
   476 | D        | Offered knowledge of Foxfire by Vehumet.
   477 | D        | Reached skill level 14 in Conjurations
   477 | D        | Reached XP level 8. HP: 21/53 MP: 10/22
   501 | D        | Noticed a centaur warrior
   503 | D        | Slain by a centaur warrior

Illustrated notes

Levels and vault maps discovered:
D:        dungeon_sprint_1 [red_sonja_temple_1, red_sonja_temple_small_1]

Skill      XL: |  1  2  3  4  5  6  7 |
---------------+----------------------+-----
Fighting       | 2 3 4 5 7 |  7.0
Dodging        | 3 4 5 6 |  6.6
Conjurations   | 6 9 11 13 14 | 14.9
Spellcasting   | 4 5 7 8 |  8.7
Armour         | 1 2 |  2.3
Stealth        | |  2.4

Action                   |  1- 3 |  4- 6 |  7- 9 || total
-------------------------+-------+-------+-------++-------
Melee: Unarmed           |    13 |       |       ||    13
 Cast: Magic Dart        |     1 |       |       ||     1
       Searing Ray       |     1 |     5 |     3 ||     9
       Fulminant Prism   |       |       |     1 ||     1
  Use: Potion            |     1 |       |       ||     1
Armor: Robe              |     1 |       |       ||     1
       Leather armour    |       |     1 |     1 ||     2
Dodge: Dodged            |     6 |     3 |       ||     9

Table legend: (Time is in decaauts)
 A = Elapsed time spent in this place.
 B = Non-inter-level travel time spent in this place.
 C = Inter-level travel time spent in this place.
 D = Time resting spent in this place.
 E = Time spent auto-exploring this place.
 F = Levels seen in this place.
 G = Mean time per level.
                   A        B        C        D        E       F      G
               +--------+--------+--------+--------+--------+-----+--------+
         Total |    506 |    506 |      0 |    334 |      0 |   1 |  506.0 |
       Dungeon |    506 |    506 |      0 |    334 |      0 |   1 |  506.0 |
               +--------+--------+--------+--------+--------+-----+--------+

Top non-repeatable levels by time:
       D: 506 daAuts
